 Dungeon Crawl Stone Soup version 0.26-a0-712-ga5a9c9c9d0 (webtiles) character file.

Game seed: 4253957950653570779

5446 kae the Grappler (level 10, -4/66 HPs)
             Began as an Octopode Transmuter on Nov 5, 2020.
             Was a Believer of Cheibriados.
             Shot with an arrow by a centaur (18 damage)
             ... on level 9 of the Dungeon.
             The game lasted 00:09:29 (13144 turns).

kae the Grappler (Octopode Transmuter)             Turns: 13144, Time: 00:09:29

Health: -4/66      AC:  1    Str: 19    XL:     10   Next: 68%
Magic:  11/14      EV: 14    Int: 22    God:    Cheibriados [**....]
Gold:   366        SH:  0    Dex: 18    Spells: 2/15 levels left

rFire    . . .     SeeInvis +     - Unarmed
rCold    + . .     Faith    .   (shield currently unavailable)
rNeg     . . .     Spirit   .   (helmet restricted)
rPois    .         Reflect  .   e - amulet of magic regeneration
rElec    .         Harm     .   g - ring of see invisible
rCorr    .         Rampage  .   n - ring of protection from cold
MR       .....                  (no ring)
Stlth    +++.......             (no ring)
HPRegen  0.21/turn              (no ring)
MPRegen  0.39/turn              (no ring)
                                (no ring)
                                (no ring)

@: blade tentacles, very slow
A: almost no armour, stealthy swim, amphibious, 8 rings, constrict 8, camouflage
1, see invisible, gelatinous body 1
a: End Transformation, Bend Time, Renounce Religion


You were on level 9 of the Dungeon.
You worshipped Cheibriados.
Cheibriados was pleased with you.
You had blades for tentacles.
You visited 2 branches of the dungeon, and saw 10 of its levels.

You collected 366 gold pieces.

Inventory:

Jewellery
 e - an amulet of magic regeneration (around mantle)
 g - a ring of see invisible (left scythe-like blade)
 n - a ring of protection from cold (right scythe-like blade)
 r - an uncursed amulet of regeneration
Wands
 c - a wand of paralysis (8)
 s - a wand of disintegration (15)
Scrolls
 a - 10 scrolls of identify
 b - a scroll of acquirement {unknown}
 h - a scroll of fog
 i - 3 scrolls of amnesia
 j - 7 scrolls of remove curse
 k - 2 scrolls of fear {unknown}
 l - a scroll of blinking {unknown}
 o - 3 scrolls of magic mapping
 q - a scroll of random uselessness {unknown}
 t - a scroll of vulnerability {unknown}
Potions
 d - a potion of resistance
 f - a potion of curing
 m - a potion of berserk rage
 p - a potion of flight


   Skills:
 + Level 5.0 Fighting
 + Level 2.4 Dodging
 - Level 10.0 Unarmed Combat
 - Level 3.0 Spellcasting
 - Level 10.0 Transmutations
 - Level 4.0 Ice Magic
 - Level 3.0 Poison Magic


You had 2 spell levels left.
You knew the following spells:

 Your Spells              Type           Power        Failure   Level
a - Beastly Appendage     Tmut           #####.       9%          1
b - Spider Form           Tmut/Pois      ####......   24%         3
c - Blade Hands           Tmut           #####.....   34%         5
d - Ice Form              Ice/Tmut       ####....     38%         4

Your spell library contained the following spells:

 Spells                   Type           Power        Failure   Level
 Wereblood                Tmut           #####...     10%         2
 Bolt of Magma            Conj/Fire/Erth #.........   100%        5
 Iskenderun's Battlesphe  Conj           #.......     100%        5
 Iron Shot                Conj/Erth      #.........   100%        6
 Orb of Destruction       Conj           #.........   100%        7
 Spellforged Servitor     Conj/Summ      #.........   100%        7


Dungeon Overview and Level Annotations

Branches:
Dungeon (9/15)             Temple (1/1) D:6
   Lair: D:8-11         Orc: D:9-12

Altars:
Ashenzari
Cheibriados
Dithmenos
Elyvilon
Fedhas
Gozag
Hepliaklqana
Kikubaaqudgha
Makhleb
Nemelex Xobeh
Okawaru
Qazlal
Ru
Sif Muna
Trog
Uskayaw
Vehumet
Wu Jian
Xom
Yredelemnul
Zin
The Shining One

Shops:
D:8 (

Annotations:
D:3 4 runed translucent doors, Crazy Yiuf; slayr's ghost, amateur NaVM


Innate Abilities, Weirdness & Mutations

You cannot wear most types of armour.
You are very stealthy in the water. (Stealth+)
You are amphibious.
You can wear up to eight rings at the same time.
You can use your tentacles to constrict eight enemies at once.
Your skin changes colour to match your surroundings (Stealth+).
Your rubbery body absorbs attacks. (AC +1, EV +1)
You have supernaturally acute eyesight. (SInv)


Message History

The troll closely misses you. The troll completely misses you.
The troll claws you.
You slice the troll!!
You kill the troll!
Cheibriados appreciates the change of pace.
The troll leather armour is intact enough to wear.
Your Fighting skill increases to level 5!
The centaur wields a +2 shortbow of flaming.
It bursts into flame!
The centaur shoots an arrow.
The arrow hits you!! The arrow burns you.
The centaur shoots an arrow.
The arrow hits you. The arrow burns you.
* * * LOW HITPOINT WARNING * * *
The centaur shoots an arrow.
The arrow hits you!
* * * LOW HITPOINT WARNING * * *
The arrow burns you.
* * * LOW HITPOINT WARNING * * *
Things that are here:
2 arrows; a +0 troll leather armour; a troll corpse You feel better.
The centaur shoots an arrow.
The arrow hits you!!
You die...

#........
########
##........
#.......
....|.....
###.....#
#.........
........#
#.........
†.......#
#.........
........#
#....c....
........#
#.@.......
........#
#(#####...
........# #.#
........#######.#
#...............#
#..########.....#
#..# #.....# #..#
#...<.# #..#
#.....#


You could see a centaur.

Vanquished Creatures
  A two-headed ogre (D:8)
  A gargoyle (D:8)
  A troll (D:9)
  Sigmund (D:3)
  Edmund (D:4)
  A water moccasin (D:6)
  4 ice beasts
  A sky beast (D:9)
  An orc warrior (D:4)
  2 phantoms
  3 black bears
  3 ogres
  3 centaurs
  2 big kobolds
  6 bullfrogs
  2 gnoll sergeants
  A wyvern skeleton (D:8)
  3 scorpions
  9 wights (D:7)
  4 howler monkeys
  2 centaur zombies (D:8)
  A jelly (D:7)
  4 hounds
  4 orc wizards
  4 orc priests
  3 iguanas
  6 worker ants
  A killer bee zombie (D:9)
  5 hound skeletons
  2 worker ant zombies
  9 gnolls
  A howler monkey skeleton (D:6)
  13 adders
  3 shadow imps
  3 white imps
  2 ufetubi
  An adder skeleton (D:6)
  A worm (D:6)
  3 dart slugs
  6 leopard geckos
  17 orcs
  6 bats
  A giant cockroach (D:5)
  7 goblins
  4 hobgoblins
  6 jackals
  3 quokkas
  A frilled lizard (D:5)
  A jackal skeleton (D:8)
  9 kobolds
  A leopard gecko skeleton (D:4)
  A leopard gecko zombie (D:6)
  7 rats
188 creatures vanquished.

Vanquished Creatures (others)
  5 dream sheep (D:4)
5 creatures vanquished.

Grand Total: 193 creatures vanquished

Notes
Turn   | Place    | Note
-------+----------+-------------------------------------------
     0 | D:1      | kae the Octopode Transmuter began the quest for the Orb.
     0 | D:1      | Reached XP level 1. HP: 13/13 MP: 3/3
   450 | D:1      | Reached XP level 2. HP: 13/18 MP: 3/5
  1454 | D:2      | Reached XP level 3. HP: 23/23 MP: 4/6
  1786 | D:2      | Found a hide-covered altar of Uskayaw.
  1837 | D:2      | Reached XP level 4. HP: 18/28 MP: 6/8
  2732 | D:3      | Gained mutation: You are covered in fur. (AC +1) [potion of
                  | mutation]
  2732 | D:3      | Lost mutation: You are covered in fur. (AC +1) [potion of
                  | mutation]
  2732 | D:3      | Gained mutation: You have supernaturally acute eyesight.
                  | (SInv) [potion of mutation]
  2788 | D:3      | Learned a level 3 spell: Spider Form
  3429 | D:3      | Reached XP level 5. HP: 29/33 MP: 7/9
  3517 | D:3      | Found a runed translucent door.
  3518 | D:3      | Noticed Crazy Yiuf
  3542 | D:3      | Reached skill level 1 in Poison Magic
  3555 | D:3      | Noticed Sigmund
  3569 | D:3      | Killed Sigmund
  3569 | D:3      | Reached XP level 6. HP: 24/38 MP: 6/10
  3824 | D:3      | Found a runed translucent gate.
  3825 | D:3      | Found a runed translucent gate.
  3825 | D:3      | Found an opulent altar of Gozag.
  3826 | D:3      | Found a runed translucent gate.
  3829 | D:3      | Noticed slayr's ghost (amateur NaVM)
  3895 | D:3      | Found a shadowy altar of Dithmenos.
  4053 | D:4      | Noticed Edmund
  4072 | D:4      | Killed Edmund
  4072 | D:4      | Reached skill level 5 in Unarmed Combat
  4525 | D:4      | Found a broken altar of Ashenzari.
  4656 | D:4      | Noticed a dream sheep
  4656 | D:4      | Noticed a dream sheep
  4656 | D:4      | Noticed a dream sheep
  4656 | D:4      | Noticed a dream sheep
  4656 | D:4      | Noticed a dream sheep
  4656 | D:4      | Found a shimmering altar of Xom.
  4661 | D:4      | Killed a dream sheep
  4661 | D:4      | Killed a dream sheep
  4661 | D:4      | Killed a dream sheep
  4661 | D:4      | Killed a dream sheep
  4663 | D:4      | Killed a dream sheep
  4713 | D:4      | Noticed an orc warrior
  4724 | D:4      | Killed an orc warrior
  4724 | D:4      | Reached XP level 7. HP: 20/43 MP: 8/11
  5506 | D:4      | Found an ancient bone altar of Kikubaaqudgha.
  5514 | D:4      | Reached skill level 5 in Transmutations
  6075 | D:5      | Entered Level 5 of the Dungeon
  6291 | D:5      | Reached XP level 8. HP: 48/48 MP: 9/12
  6542 | D:5      | Learned a level 5 spell: Blade Hands
  6547 | D:5      | Learned a level 4 spell: Ice Form
  6605 | D:5      | Reached skill level 1 in Ice Magic
  8168 | D:6      | Reached XP level 9. HP: 44/53 MP: 13/13
  8285 | D:6      | Found a shimmering blue altar of Sif Muna.
  8714 | D:6      | Found a staircase to the Ecumenical Temple.
  9364 | Temple   | Entered the Ecumenical Temple
  9610 | Temple   | Became a worshipper of Cheibriados the Contemplative
 10138 | D:7      | Reached * piety under Cheibriados
 10372 | D:7      | Found a broken altar of Ashenzari.
 11419 | D:8      | Noticed a gargoyle
 11426 | D:8      | HP: 3/63 [gargoyle/+0 flail (17)]
 11431 | D:8      | Killed a gargoyle
 11640 | D:8      | Reached XP level 10. HP: 58/58 MP: 11/14
 11753 | D:8      | Reached ** piety under Cheibriados
 11912 | D:8      | Found a white marble altar of Elyvilon.
 11956 | D:8      | Found Qyupasuz's Antique Weapon Shoppe.
 12228 | D:8      | Reached skill level 10 in Unarmed Combat
 12297 | D:8      | Noticed a two-headed ogre
 12305 | D:8      | Killed a two-headed ogre
 12305 | D:8      | Reached skill level 10 in Transmutations
 12748 | D:9      | Found a stormy altar of Qazlal.
 13142 | D:9      | Reached skill level 5 in Fighting
 13144 | D:9      | Shot with an arrow by a centaur

Illustrated notes

Levels and vault maps discovered:
D:1:      lightli_arrival_noodles, layout_basic
D:2:      layout_loops_corners, nicolae_overflow_hidden_temple,
          minmay_pentomino_p4
D:3:      layout_basic, ebering_ghost_gozag,
          nicolae_dithmenos_through_a_glass_darkly, uniq_sigmund,
          uniq_crazy_yiuf_cottage
D:4:      layout_basic, old_standard_altar, kennysheep_little_box,
          kb_xom_exploding_sheep, uniq_edmund
D:5:      layout_basic
D:6:      layout_loops_ring, kennysheep_mini, minmay_temple_entry_antechambers,
          minmay_diced_spiral
D:7:      layout_loops_ring, basic_altar
D:8:      layout_cave_pools, lemuel_round_altar, serial_shops,
          nicolae_shop_overgrown_old_shop
D:9:      layout_irregular_city, grunt_gozag_breadcrumbs, lemuel_round_altar,
          grunt_qazlal_clouds, kennysheep_generic_room_10
Temple:   minmay_temple_curvy_branch

Skill      XL: |  1  2  3  4  5  6  7  8  9 10 |
---------------+-------------------------------+-----
Transmutations | 3 4 5 7 9 10 | 10.0
Spellcasting   | 3 |  3.0
Unarmed Combat | 4 5 6 7 9 10 | 10.0
Poison Magic   | 2 3 |  3.0
Ice Magic      | 4 |  4.0
Fighting       | 5 |  5.0
Dodging        | |  2.4

Action                   |  1- 3 |  4- 6 |  7- 9 | 10-12 || total
-------------------------+-------+-------+-------+-------++-------
Melee: Unarmed           |    53 |    81 |   297 |    98 ||   529
       Constrict         |    17 |    12 |     9 |     3 ||    41
       Kick              |    10 |    14 |     2 |       ||    26
       Tentacles         |     3 |     6 |     6 |     1 ||    16
       Punch             |     2 |     2 |     3 |     1 ||     8
 Cast: Beastly Appendage |    16 |    15 |     1 |       ||    32
       Spider Form       |       |     3 |    36 |       ||    39
       Ice Form          |       |       |     4 |     8 ||    12
       Blade Hands       |       |       |     1 |     1 ||     2
  Use: Potion            |       |     5 |     8 |     2 ||    15
       Scroll            |       |       |     9 |       ||     9
 Stab: Sleeping          |     5 |     2 |       |     1 ||     8
       Distracted        |       |       |     1 |       ||     1
Armor: Skin              |     2 |     5 |    42 |    36 ||    85
Dodge: Dodged            |    28 |    55 |   196 |    56 ||   335

Table legend: (Time is in decaauts)
 A = Elapsed time spent in this place.
 B = Non-inter-level travel time spent in this place.
 C = Inter-level travel time spent in this place.
 D = Time resting spent in this place.
 E = Time spent auto-exploring this place.
 F = Levels seen in this place.
 G = Mean time per level.
                   A        B        C        D        E       F      G
               +--------+--------+--------+--------+--------+-----+--------+
         Total |  13590 |  13202 |    388 |   1723 |   9991 |  10 | 1359.0 |
       Dungeon |  13315 |  12977 |    338 |   1723 |   9768 |   9 | 1479.4 |
        Temple |    274 |    225 |     49 |      0 |    223 |   1 |  274.0 |
               +--------+--------+--------+--------+--------+-----+--------+

Top non-repeatable levels by time:
     D:6: 2098 daAuts
     D:7: 2096 daAuts
     D:4: 2016 daAuts
     D:1: 1431 daAuts
     D:8: 1409 daAuts
     D:3: 1327 daAuts
     D:2: 1284 daAuts
     D:5: 1196 daAuts
     D:9: 454 daAuts
  Temple: 274 daAuts
